 Dungeon Crawl Stone Soup version 0.32-a0-328-gd8048dd28f (webtiles) character file.

Game seed: 1596309877691465502

3750 senseless the Fighter (level 9, -7/81 HPs)
             Began as a Mountain Dwarf Fighter on Feb 16, 2024.
             Was an Initiate of the Shining One.
             Mangled by a skeletal warrior
             ... wielding a +1 short sword of venom
              (16 damage)
             ... on level 6 of the Dungeon.
             The game lasted 00:16:04 (5689 turns).

senseless the Fighter (Mountain Dwarf Fighter)      Turns: 5689, Time: 00:16:04

Health: -7/81      AC: 10    Str: 26    XL:     9   Next: 93%
Magic:  9/9        EV:  9    Int:  9    God:    the Shining One [......]
Gold:   416        SH:  9    Dex: 12    Spells: 7/8 levels left

rFire   . . .        s - +9 hammer "Hiywn" {flame, Str+3 Dex+3}
rCold   . . .        c - +3 buckler
rNeg    . . .        b - +0 scale mail
rPois   +            (no helmet)
rElec   .            m - +0 cloak
rCorr   +            q - +0 pair of gloves
SInv    .            (no boots)
Will    .....        (no amulet) Stlth
                     t - ring of poison resistance
HPRegen 0.33/turn    g - ring of resist corrosion
MPRegen 0.11/turn

%: no passive effects
@: glowing
A: runic magic, artefact enchanting
a: Renounce Religion


You were on level 6 of the Dungeon.
You worshipped the Shining One.
The Shining One was noncommittal.
You visited 2 branches of the dungeon, and saw 7 of its levels.
You also visited: Sewer.

You collected 416 gold pieces.

Inventory:

Hand Weapons
 a - a +1 war axe
 s - the +9 hammer "Hiywn" (weapon) {flame, Str+3 Dex+3}
   (You found it on level 5 of the Dungeon)

   Str+3:     It affects your strength (+3).
   Dex+3:     It affects your dexterity (+3).
Missiles
 j - 2 javelins
 n - 5 curare-tipped darts
 o - 14 poisoned darts
Armour
 b - a +0 scale mail (worn)
 c - a +3 buckler (worn)
 m - a +0 cloak (worn)
 q - a +0 pair of gloves (worn)
Jewellery
 g - a ring of resist corrosion (right hand)
 t - a ring of poison resistance (left hand)
Wands
 h - a wand of flame (3)
 l - a wand of paralysis (2) (quivered)
Scrolls
 e - 4 scrolls of identify
 f - 2 scrolls of fog
 r - 3 scrolls of teleportation
Potions
 i - 3 potions of invisibility
 k - 2 potions of lignification
 p - 2 potions of curing


   Skills:
 + Level 8.1 Fighting
 - Level 6.4(8.1) Axes
 * Level 7.6(8.7) Maces & Flails
 + Level 8.1 Armour
 + Level 8.1 Shields


You had 7 spell levels left.
You knew the following spells:

 Your Spells              Type           Power      Damage    Failure   Level
a - Sting                 Conj/Alch      0%         1d3       50%         1

Your spell library contained the following spells:

 Spells                   Type           Power      Damage    Failure   Level
 Apportation              Tloc           0%         N/A       50%         1
 Magic Dart               Conj           0%         1d3       50%         1
 Necrotise                Necr           0%         1d4       50%         1
 Summon Small Mammal      Summ           0%         N/A       50%         1
 Blink                    Tloc           0%         N/A       63%         2
 Cigotuvi's Dreadful Rot  Necr/Alch/Air  0%         N/A       63%         2
 Lesser Beckoning         Tloc           0%         N/A       63%         2
 Momentum Strike          Conj/Tloc      0%         3d8       63%         2
 Searing Ray              Conj           0%         2d4       63%         2
 Summon Ice Beast         Ice/Summ       0%         N/A       86%         3
 Fulminant Prism          Conj/Alch      0%         3d5       99%         4
 Ignite Poison            Fire/Alch      0%         N/A       99%         4
 Freezing Cloud           Conj/Ice/Air   0%         6-21      100%        5
 Summon Mana Viper        Hex/Summ       0%         N/A       100%        5
 Monstrous Menagerie      Summ           0%         N/A       100%        7


Dungeon Overview and Level Annotations

Branches:
Dungeon (6/15)             Temple (1/1) D:5           Sewer (visited)

Altars:
Ashenzari
Cheibriados
Dithmenos
Elyvilon
Fedhas
Gozag
Hepliaklqana
Kikubaaqudgha
Makhleb
Nemelex Xobeh
Okawaru
Qazlal
Ru
Sif Muna
Trog
Uskayaw
Vehumet
Wu Jian
Xom
Yredelemnul
Zin
The Shining One

Shops:
D:1 (


Innate Abilities, Weirdness & Mutations

Your spellcasting is much less encumbered by armour.
You can use scrolls of enchantment on lesser artefacts.


Message History

You hit the skeletal warrior. You burn the skeletal warrior.
The skeletal warrior is moderately damaged.
You block the skeletal warrior's attack.
You sock the skeletal warrior! You burn the skeletal warrior.
The skeletal warrior is heavily damaged.
The skeletal warrior closely misses you.
You hit the skeletal warrior but do no damage.
The skeletal warrior is heavily damaged.
The skeletal warrior closely misses you.
You hit the skeletal warrior but do no damage.
The skeletal warrior is heavily damaged.
The skeletal warrior hits you with a +1 short sword of venom!
You are too injured to fight recklessly!
You are too injured to fight recklessly!
You are too injured to fight recklessly!
You are too injured to fight recklessly!
You are too injured to fight recklessly!
You are too injured to fight recklessly!
You are too injured to fight recklessly!
You are too injured to fight recklessly!
You are too injured to fight recklessly!
You are too injured to fight recklessly!
You are too injured to fight recklessly!
You are too injured to fight recklessly!
You are too injured to fight recklessly!
You are too injured to fight recklessly!
You are too injured to fight recklessly!
You are too injured to fight recklessly!
You are too injured to fight recklessly!
You hit the skeletal warrior but do no damage.
The skeletal warrior is heavily damaged.
The skeletal warrior hits you with a +1 short sword of venom!!
* * * LOW HITPOINT WARNING * * *
You sock the skeletal warrior! You burn the skeletal warrior.
The skeletal warrior is severely damaged.
You block the skeletal warrior's attack.
You hit the skeletal warrior but do no damage.
The skeletal warrior is severely damaged.
The skeletal warrior hits you with a +1 short sword of venom!
You die...

#..#z.)...####
....#..........
##...#......####
#...#......#
#.(.#.#.####
#...#.#.#
#...#.#.###
#..z#.....#
####..@###.#.#
..............#
#######.#####)#
...# #)# #####
#.# #.# #.# #.#
#.#


You could see a skeletal warrior.

Vanquished Creatures
  4 skeletal warriors
  A wraith (D:5)
  A water moccasin (D:5)
  Pargi (Sewer)
  An ice beast (D:5)
  A black bear (D:4)
  A kobold brigand (Sewer)
  A brain worm (Sewer)
  A gnoll sergeant (D:6)
  3 scorpions
  A crimson imp (D:5)
  3 bombardier beetles
  2 hounds
  A jelly (D:5)
  Crazy Yiuf (D:5)
  An orc priest (D:4)
  3 iguanas (D:5)
  Ijyb (D:3)
  An orc wizard (D:3)
  2 gnolls (D:6)
  7 adders
  2 white imps (D:5)
  2 ufetubi (D:5)
  5 ribbon worms
  2 dart slugs (D:5)
  25 orcs
  7 bats
  5 endoplasms
  5 giant cockroaches
  4 goblins
  7 hobgoblins
  7 quokkas
  5 ball pythons
  3 frilled lizards
  15 kobolds
  2 rats (D:3)
134 creatures vanquished.

Notes
Turn   | Place    | Note
-------+----------+-------------------------------------------
     0 | D:1      | senseless the Mountain Dwarf Fighter began the quest for
                  | the Orb.
     0 | D:1      | Reached XP level 1. HP: 19/19 MP: 1/1
    75 | D:1      | Reached XP level 2. HP: 26/26 MP: 2/2
    82 | D:1      | Found Udion Diava's Weapon Emporium.
   120 | D:1      | Learned a level 1 spell: Sting
   399 | D:1      | Reached XP level 3. HP: 33/33 MP: 3/3
  1023 | D:2      | Reached XP level 4. HP: 33/40 MP: 1/4
  1247 | D:3      | Noticed a scorpion
  1267 | D:3      | Killed a scorpion
  1268 | D:3      | Reached XP level 5. HP: 9/46 MP: 5/5
  1407 | D:3      | Noticed Ijyb
  1861 | D:3      | Found a glowing drain.
  1867 | D:3      | Paralysed by Ijyb for 5 turns
  1874 | Sewer    | Entered a sewer
  1874 | Sewer    | Noticed Pargi
  1894 | Sewer    | Killed Pargi
  1895 | Sewer    | Reached XP level 6. HP: 21/53 MP: 6/6
  2190 | Sewer    | Reached skill level 5 in Fighting
  2190 | Sewer    | Reached skill level 5 in Armour
  2190 | Sewer    | Reached skill level 5 in Shields
  2248 | D:3      | Paralysed by Ijyb for 5 turns
  2254 | D:3      | Paralysed by Ijyb for 4 turns
  2263 | D:3      | Paralysed by Ijyb for 3 turns
  2281 | D:3      | Paralysed by Ijyb for 5 turns
  2289 | D:3      | Killed Ijyb
  2342 | D:3      | Reached skill level 5 in Axes
  2360 | D:3      | Reached XP level 7. HP: 55/61 MP: 7/7
  3493 | D:5      | Entered Level 5 of the Dungeon
  3712 | D:5      | Found a stormy altar of Qazlal.
  3775 | D:5      | Found a runed translucent door.
  3776 | D:5      | Noticed Crazy Yiuf
  3784 | D:5      | Killed Crazy Yiuf
  3794 | D:5      | Identified the +7 hammer "Hiywn" {flame, Str+3 Dex+3}
  3880 | D:5      | Noticed a wraith
  3893 | D:5      | Killed a wraith
  3894 | D:5      | Reached XP level 8. HP: 70/70 MP: 8/8
  4168 | D:5      | Reached skill level 1 in Maces & Flails
  4368 | D:5      | Found a staircase to the Ecumenical Temple.
  4393 | Temple   | Entered the Ecumenical Temple
  4408 | Temple   | Became a worshipper of the Shining One
  4459 | D:5      | Found an ancient bone altar of Kikubaaqudgha.
  4459 | D:5      | Found a burning altar of Makhleb.
  4460 | D:5      | Found a radiant altar of Vehumet.
  4853 | D:6      | Noticed a skeletal warrior
  4872 | D:6      | The Shining One protects you from harm!
  4873 | D:6      | Killed a skeletal warrior
  4874 | D:6      | Reached XP level 9. HP: 8/79 MP: 9/9
  5108 | D:6      | Noticed a skeletal warrior
  5108 | D:6      | Noticed a skeletal warrior
  5108 | D:6      | Noticed a skeletal warrior
  5146 | D:5      | Killed a skeletal warrior
  5267 | D:5      | Killed a skeletal warrior
  5467 | D:6      | Killed a skeletal warrior
  5677 | D:6      | Noticed a skeletal warrior
  5689 | D:6      | Mangled by a skeletal warrior

Illustrated notes

Levels and vault maps discovered:
D:1:      lemuel_arrival_lava_pool, layout_rooms, serial_shops, shop
D:2:      layout_loops_ring
D:3:      layout_loops_ring, cheibrodos_sewer_entry_drain, uniq_ijyb
D:4:      layout_rooms
D:5:      kennysheep_spiral_hall, layout_rooms, lemuel_round_altar, minitemple,
          minmay_temple_entry_waves, minmay_fire_ice_demons,
          uniq_crazy_yiuf_cottage
D:6:      layout_basic
Temple:   eino_narrow_crystal_temple

Skill      XL: |  1  2  3  4  5  6  7  8  9 |
---------------+----------------------------+-----
Axes           | 3 4 5 6 |  6.4
Fighting       | 4 5 6 7 8 |  8.1
Shields        | 4 5 6 7 8 |  8.1
Armour         | 4 5 6 7 8 |  8.1
Maces & Flails | 4 7 |  7.6

Action                     |  1- 3 |  4- 6 |  7- 9 || total
---------------------------+-------+-------+-------++-------
  Melee: War axe           |    76 |   185 |   131 ||   392
         Mace              |       |       |   154 ||   154
  Throw: Dart              |       |       |     1 ||     1
   Cast: Sting             |     8 |     2 |     1 ||    11
  Evoke: Wand              |       |       |     3 ||     3
    Use: Scroll            |       |     6 |    11 ||    17
         Potion            |       |       |     2 ||     2
 Armour: Scale mail        |    53 |   156 |   199 ||   408
  Dodge: Dodged            |    39 |    75 |   111 ||   225
  Block: Buckler           |    13 |    59 |   120 ||   192

Table legend: (Time is in decaauts)
 A = Elapsed time spent in this place.
 B = Non-inter-level travel time spent in this place.
 C = Inter-level travel time spent in this place.
 D = Time resting spent in this place.
 E = Time spent auto-exploring this place.
 F = Levels seen in this place.
 G = Mean time per level.
                   A        B        C        D        E       F      G
               +--------+--------+--------+--------+--------+-----+--------+
         Total |   5841 |   5655 |    186 |    769 |   3543 |   8 |  730.1 |
       Dungeon |   5424 |   5266 |    158 |    769 |   3286 |   6 |  904.0 |
        Temple |     30 |      2 |     28 |      0 |      0 |   1 |   30.0 |
         Sewer |    386 |    386 |      0 |      0 |    257 |   1 |  386.0 |
               +--------+--------+--------+--------+--------+-----+--------+

Top non-repeatable levels by time:
     D:5: 1476 daAuts
     D:3: 1128 daAuts
     D:2: 868 daAuts
     D:4: 859 daAuts
     D:6: 567 daAuts
     D:1: 523 daAuts
   Sewer: 386 daAuts
  Temple: 30 daAuts
